 Dungeon Crawl Stone Soup version 0.29-a0-542-g075992c915 (webtiles) character file.

Game seed: 17042621541239625626

5331 ytrimaz the Blocker (level 10, 0/82 HPs)
             Began as a Gnoll Fighter on June 5, 2022.
             Was a Believer of Ashenzari.
             Engulfed by a steam dragon's steam (6 damage)
             ... on level 9 of the Dungeon.
             The game lasted 00:17:55 (11295 turns).

ytrimaz the Blocker (Gnoll Fighter)                Turns: 11295, Time: 00:17:56

Health: 0/82       AC: 25    Str: 15    XL:     10   Next: 64%
Magic:  18/18      EV:  7    Int:  8    God:    Ashenzari [**....]
Gold:   555        SH:  7    Dex: 22    Spells: 19/19 levels left

rFire   . . .      SeeInvis +   a - +0 rapier "Astral Jealousy" {Evo, Fort} (curse)
rCold   . . .      Faith    .   c - +0 buckler "Perceptive Scepticism" {Comp, Elem} (curse)
rNeg    . . .      Spirit   .   i - +1 plate armour
rPois   .          Reflect  .   q - +2 helmet "Gnosis of the Sphere" {Evo, Melee} (curse)
rElec   .          Harm     .   P - +0 cloak {rCorr}
rCorr   +          Rampage  .   (no gloves)
Will    .....                   n - +0 pair of boots
Stlth   ..........              (no amulet)
HPRegen 0.23/turn               k - +6 ring of dexterity
MPRegen 0.16/turn               d - +4 ring of protection

@: no status effects
A: fangs 1, strong nose, distributed training
a: Renounce Religion, Shatter the Chains


You were on level 9 of the Dungeon.
You worshipped Ashenzari.
Ashenzari was pleased with you.
You visited 2 branches of the dungeon, and saw 10 of its levels.

You collected 742 gold pieces.
You spent 187 gold pieces at shops.

Inventory:

Hand Weapons
 a - the cursed +0 rapier "Astral Jealousy" (weapon) {Evo, Fort}

   It has a curse which improves the following skills: Evocations: Evocations.
   Fortitude: Armour and Shields.
 I - a +0 vorpal falchion
 N - a +5 dagger of freezing
Missiles
 j - 9 javelins (quivered)
Armour
 c - the cursed +0 buckler "Perceptive Scepticism" (worn) {Comp, Elem}

   It has a curse which improves the following skills: Companions: Summonings
   and Necromancy.
   Elements:  Fire Magic, Ice Magic, Air Magic and Earth Magic.
 i - a +1 plate armour (worn)
 n - a +0 pair of boots (worn)
 q - the cursed +2 helmet "Gnosis of the Sphere" (worn) {Evo, Melee}
   (You bought it in a shop on level 7 of the Dungeon)

   It has a curse which improves the following skills: Evocations: Evocations.
   Melee Combat: Short Blades, Long Blades, Axes, Maces & Flails, Polearms,
   Staves and Unarmed Combat.
 P - a +0 cloak of preservation (worn)
Jewellery
 d - a +4 ring of protection (right hand)
 k - a +6 ring of dexterity (left hand)
 o - a ring of see invisible
 z - a ring of willpower
 A - a +6 ring of strength
 G - a ring of resist corrosion
Wands
 x - a wand of iceblast (16)
 O - a wand of digging (5)
Scrolls
 h - a scroll of blinking
 p - a scroll of amnesia
 y - 3 scrolls of magic mapping
 C - 2 scrolls of enchant weapon
 D - a scroll of teleportation
 E - 2 scrolls of noise
 F - a scroll of silence
 J - 2 scrolls of fog
 L - 3 scrolls of fear
Potions
 e - 2 potions of curing
 l - 2 potions of cancellation
 t - 3 potions of brilliance
 u - 2 potions of invisibility
 v - a potion of mutation
 B - 2 potions of attraction
 K - a potion of ambrosia


   Skills:
 + Level 8.6 Fighting
 + Level 7.2(8.5) Short Blades
 + Level 5.4(6.7) Long Blades
 + Level 5.4(6.7) Axes
 + Level 5.4(6.7) Maces & Flails
 + Level 5.4(6.7) Polearms
 + Level 5.4(6.7) Staves
 + Level 5.4 Slings
 + Level 5.4 Bows
 + Level 5.4 Crossbows
 + Level 5.4 Throwing
 + Level 8.6(9.9) Armour
 + Level 5.4 Dodging
 + Level 5.4 Stealth
 + Level 8.6(9.9) Shields
 + Level 5.4(6.7) Unarmed Combat
 + Level 5.4 Spellcasting
 + Level 4.5 Conjurations
 + Level 4.5 Hexes
 + Level 4.5(5.7) Summonings
 + Level 4.5(5.7) Necromancy
 + Level 4.5 Translocations
 + Level 4.5 Transmutations
 + Level 4.5(5.7) Fire Magic
 + Level 4.5(5.7) Ice Magic
 + Level 4.5(5.7) Air Magic
 + Level 4.5(5.7) Earth Magic
 + Level 4.5 Poison Magic
 + Level 6.0 Invocations
 + Level 5.4(7.3) Evocations


You had 19 spell levels left.
You didn't know any spells.
Your spell library contained the following spells:

 Spells                   Type           Power      Damage    Failure   Level
 Apportation              Tloc           18%        N/A       88%         1
 Ensorcelled Hibernation  Hex/Ice        20%        N/A       91%         2
 Spider Form              Tmut/Pois      9%         N/A       99%         3
 Anguish                  Hex/Necr       5%         N/A       100%        4
 Animate Dead             Necr           11%        N/A       100%        4
 Cause Fear               Hex            4%         N/A       100%        4
 Corpse Rot               Necr/Pois/Air  10%        N/A       100%        4
 Dispel Undead            Necr           11%        3d9       100%        4
 Alistair's Intoxication  Tmut/Pois      6%         N/A       100%        5
 Borgnjor's Vile Clutch   Necr/Erth      5%         N/A       100%        5
 Death Channel            Necr           5%         N/A       100%        6
 Dragon Form              Tmut           4%         N/A       100%        7
 Dragon's Call            Summ           5%         N/A       100%        9


Dungeon Overview and Level Annotations

Branches:
Dungeon (9/15)             Temple (1/1) D:5
   Lair: D:8-11         Orc: D:9-12

Altars:
Ashenzari
Cheibriados
Dithmenos
Elyvilon
Fedhas
Gozag
Hepliaklqana
Kikubaaqudgha
Makhleb
Nemelex Xobeh
Okawaru
Qazlal
Ru
Sif Muna
Trog
Uskayaw
Vehumet
Wu Jian
Xom
Yredelemnul
Zin
The Shining One

Shops:
D:2 =   D:4 *   D:7 [


Innate Abilities, Weirdness & Mutations

You have very sharp teeth.
Your uncanny sense of smell can sniff out nearby items.
Your experience applies equally to all skills.


Message History

The steam dragon claws you but does no damage.
The gnoll closely misses you.
Items here: )) [ †.
You hit the steam dragon.
The steam dragon is lightly wounded.
The gnoll hits you from afar with a +0 halberd.
The steam dragon breathes steam at you. The ball of steam hits you!
The gnoll hits you but does no damage. The yak gores you but does no damage.
Unknown command.
The steam dragon attacks as you move away!
You block the steam dragon's attack. The steam dragon claws you.
The gnoll attacks as you move away!
The gnoll hits you but does no damage. x2
The yak is engulfed in a cloud of scalding steam.
Items here: )) ††.
The steam dragon attacks as you move away!
The steam dragon bites you but does no damage.
You block the steam dragon's attack.
You hit the steam dragon but do no damage.
The steam dragon is lightly wounded.
The steam dragon bites you but does no damage.
The steam dragon claws you but does no damage.
The gnoll hits you but does no damage.
You barely miss the steam dragon.
The steam dragon is lightly wounded.
The steam dragon bites you but does no damage.
The steam dragon closely misses you. The gnoll hits you but does no damage.
You hit the steam dragon but do no damage.
You bite the steam dragon.
The steam dragon is lightly wounded.
The steam dragon breathes steam at you. The ball of steam hits you!!
* * * LOW HITPOINT WARNING * * *
The gnoll hits you but does no damage.
The steam dragon attacks as you move away!
The steam dragon bites you.
* * * LOW HITPOINT WARNING * * *
You block the steam dragon's attack.
You are engulfed in a cloud of scalding steam.
You die...

,* #...................#
#####..##.#.##.###.####.#
*
#......*#.#.##.###.####.#
,
.......*#...............#
, ,
......Y##.#.#.##.###.##.#
, ,
.....gY{g.#.............#
.....Y§##D#.#.#.##.#.##.#
, ......Y
#§§.#........##.## ,
....... #@#......#.#....##
........§§#.#......#.##.##
*
.......##§§......#.[.##.##
.......*#.#.##.#.#.#.##.##
* .......
...........#.)..## * , ..
,,*#.###.##.#.#.##.## * .
, ,... .........##.## , *
.###.##.#)##..o ,
#.###.##.#.##[##


You could see a steam dragon (catching breath) and a gnoll.

Vanquished Creatures
  A two-headed ogre (D:9)
  A sea snake (D:9)
  A manticore (D:9)
  A shadow (D:9)
  An acid dragon (D:8)
  Duvessa (D:4)
  2 orc warriors (D:8)
  3 sky beasts
  A black bear (D:6)
  2 ogres
  4 centaurs
  3 kobold brigands
  2 phantoms
  2 gnoll sergeants
  5 bullfrogs
  4 scorpions
  3 wights (D:8)
  Dowan (D:4)
  3 killer bees (D:9)
  4 howler monkeys (D:9)
  4 hounds
  5 orc priests
  A jelly (D:7)
  Crazy Yiuf (D:7)
  A gnoll shaman (D:7)
  7 iguanas
  3 orc wizards
  9 gnolls
  9 adders
  A shadow imp (D:3)
  3 white imps
  2 worms
  5 dart slugs
  34 orcs
  2 ball pythons (D:3)
  6 endoplasms
  6 giant cockroaches
  9 hobgoblins
  7 jackals
  4 quokkas
  A bat (D:3)
  4 frilled lizards
  11 goblins
  13 kobolds
  6 rats
199 creatures vanquished.

Notes
Turn   | Place    | Note
-------+----------+-------------------------------------------
     0 | D:1      | ytrimaz the Gnoll Fighter began the quest for the Orb.
     0 | D:1      | Reached XP level 1. HP: 23/23 MP: 1/1
   113 | D:1      | Reached XP level 2. HP: 28/29 MP: 2/2
   427 | D:1      | Reached XP level 3. HP: 35/35 MP: 3/3
   652 | D:1      | Reached skill level 1 in Invocations
  1089 | D:2      | Reached skill level 1 in Long Blades
  1089 | D:2      | Reached skill level 1 in Axes
  1089 | D:2      | Reached skill level 1 in Maces & Flails
  1089 | D:2      | Reached skill level 1 in Polearms
  1089 | D:2      | Reached skill level 1 in Staves
  1089 | D:2      | Reached skill level 1 in Slings
  1089 | D:2      | Reached skill level 1 in Bows
  1089 | D:2      | Reached skill level 1 in Crossbows
  1089 | D:2      | Reached skill level 1 in Throwing
  1089 | D:2      | Reached skill level 1 in Dodging
  1089 | D:2      | Reached skill level 1 in Stealth
  1089 | D:2      | Reached skill level 1 in Unarmed Combat
  1089 | D:2      | Reached skill level 1 in Spellcasting
  1089 | D:2      | Reached skill level 1 in Evocations
  1306 | D:2      | Found a bloodstained altar of Trog.
  1392 | D:2      | Reached XP level 4. HP: 41/41 MP: 5/5
  1713 | D:2      | Found Luss's Jewellery Shop.
  1951 | D:3      | Found a faded altar of an unknown god.
  2022 | D:3      | Reached skill level 1 in Conjurations
  2022 | D:3      | Reached skill level 1 in Hexes
  2022 | D:3      | Reached skill level 1 in Summonings
  2022 | D:3      | Reached skill level 1 in Necromancy
  2022 | D:3      | Reached skill level 1 in Translocations
  2022 | D:3      | Reached skill level 1 in Transmutations
  2022 | D:3      | Reached skill level 1 in Fire Magic
  2022 | D:3      | Reached skill level 1 in Ice Magic
  2022 | D:3      | Reached skill level 1 in Air Magic
  2022 | D:3      | Reached skill level 1 in Earth Magic
  2022 | D:3      | Reached skill level 1 in Poison Magic
  2040 | D:3      | Reached XP level 5. HP: 47/47 MP: 5/7
  2740 | D:4      | Found a burning altar of Makhleb.
  2740 | D:4      | Found a basalt altar of Yredelemnul.
  2741 | D:4      | Found a shadowy altar of Dithmenos.
  2978 | D:4      | Reached XP level 6. HP: 37/53 MP: 8/8
  3338 | D:4      | Reached skill level 5 in Short Blades
  3537 | D:4      | Noticed Duvessa
  3537 | D:4      | Noticed Dowan
  3561 | D:4      | Killed Duvessa
  3562 | D:4      | Reached XP level 7. HP: 31/59 MP: 10/10
  3565 | D:4      | Killed Dowan
  3784 | D:4      | Found Fukaah's Assorted Antiques.
  4050 | D:4      | Found a stormy altar of Qazlal.
  4275 | D:5      | Entered Level 5 of the Dungeon
  4582 | D:5      | Found a hide-covered altar of Uskayaw.
  4737 | D:5      | Reached XP level 8. HP: 41/67 MP: 12/12
  5186 | D:5      | Found a staircase to the Ecumenical Temple.
  5206 | Temple   | Entered the Ecumenical Temple
  5474 | Temple   | Became a worshipper of Ashenzari the Shackled
  5500 | D:5      | Found a blossoming altar of Fedhas.
  7219 | D:7      | Found Neseufui's Antique Armour Shop.
  7224 | D:7      | Bought a glowing helmet for 187 gold pieces
  7418 | D:7      | Reached XP level 9. HP: 72/72 MP: 14/14
  8179 | D:7      | Found a runed translucent door.
  8180 | D:7      | Noticed Crazy Yiuf
  8309 | D:7      | Found a hazy altar of Hepliaklqana.
  8427 | D:7      | Killed Crazy Yiuf
  9052 | D:8      | Reached skill level 5 in Invocations
  9435 | D:8      | Reached * piety under Ashenzari
  9516 | D:9      | Noticed a two-headed ogre
  9537 | D:9      | Killed a two-headed ogre
  9538 | D:9      | Reached skill level 5 in Long Blades
  9538 | D:9      | Reached skill level 5 in Axes
  9538 | D:9      | Reached skill level 5 in Maces & Flails
  9538 | D:9      | Reached skill level 5 in Polearms
  9538 | D:9      | Reached skill level 5 in Staves
  9538 | D:9      | Reached skill level 5 in Slings
  9538 | D:9      | Reached skill level 5 in Bows
  9538 | D:9      | Reached skill level 5 in Crossbows
  9538 | D:9      | Reached skill level 5 in Throwing
  9538 | D:9      | Reached skill level 5 in Dodging
  9538 | D:9      | Reached skill level 5 in Stealth
  9538 | D:9      | Reached skill level 5 in Unarmed Combat
  9538 | D:9      | Reached skill level 5 in Spellcasting
  9538 | D:9      | Reached skill level 5 in Evocations
  9538 | D:9      | Reached XP level 10. HP: 55/81 MP: 17/17
  9772 | D:9      | Noticed a manticore
  9794 | D:9      | Killed a manticore
 10439 | D:9      | Noticed a two-headed ogre
 10457 | D:9      | Noticed a sea snake
 10457 | D:9      | a two-headed ogre changed into a sea snake
 10484 | D:9      | Killed a sea snake
 11277 | D:9      | Reached ** piety under Ashenzari
 11295 | D:9      | Engulfed by a steam dragon's steam

Illustrated notes

Levels and vault maps discovered:
D:1:      mrwooster_arrival_arrow, layout_basic, hangedman_decor_peaks_small,
          minmay_close_crescents
D:2:      layout_basic, serial_shops, shop_fountains, basic_altar,
          grunt_decor_fettered
D:3:      layout_basic, ebering_ecumenical_altar_box
D:4:      layout_layer_cave, nicolae_qazlal_general_emergency,
          gammafunk_temple_overflow_claw, serial_shops,
          nicolae_shop_behind_doors, minmay_fractal_squares_diagonal_5,
          uniq_duvessa
D:5:      layout_basic, mainiacjoe_overflow_six_doors_small,
          mainiacjoe_overflow_tiny_flanked, minmay_temple_entry_trees,
          chequers_garden, minmay_starry_boxes
D:6:      layout_loops_corners
D:7:      layout_loops_ring, lemuel_tele_altar, serial_shops, shop,
          uniq_crazy_yiuf_cottage
D:8:      layout_basic, nicolae_figureground_sparkle
D:9:      layout_cave_pods, minmay_diced_spiral
Temple:   regret_index_temple_generic_petals

Skill      XL: |  1  2  3  4  5  6  7  8  9 10 |
---------------+-------------------------------+-----
Invocations    | 1 2 3 4 5 6 |  6.0
Long Blades    | 1 2 3 5 |  5.4
Axes           | 1 2 3 5 |  5.4
Maces & Flails | 1 2 3 5 |  5.4
Polearms       | 1 2 3 5 |  5.4
Staves         | 1 2 3 5 |  5.4
Slings         | 1 2 3 5 |  5.4
Bows           | 1 2 3 5 |  5.4
Crossbows      | 1 2 3 5 |  5.4
Throwing       | 1 2 3 5 |  5.4
Dodging        | 1 2 3 5 |  5.4
Stealth        | 1 2 3 5 |  5.4
Unarmed Combat | 1 2 3 5 |  5.4
Spellcasting   | 1 2 3 5 |  5.4
Evocations     | 1 2 3 5 |  5.4
Conjurations   | 1 2 3 4 |  4.5
Hexes          | 1 2 3 4 |  4.5
Summonings     | 1 2 3 4 |  4.5
Necromancy     | 1 2 3 4 |  4.5
Translocations | 1 2 3 4 |  4.5
Transmutations | 1 2 3 4 |  4.5
Fire Magic     | 1 2 3 4 |  4.5
Ice Magic      | 1 2 3 4 |  4.5
Air Magic      | 1 2 3 4 |  4.5
Earth Magic    | 1 2 3 4 |  4.5
Poison Magic   | 1 2 3 4 |  4.5
Short Blades   | 5 6 7 |  7.2
Fighting       | 7 8 |  8.6
Armour         | 7 8 |  8.6
Shields        | 7 8 |  8.6

Action                   |  1- 3 |  4- 6 |  7- 9 | 10-12 || total
-------------------------+-------+-------+-------+-------++-------
Melee: Rapier            |    88 |   225 |   521 |   157 ||   991
       Bite              |     7 |    23 |    80 |    21 ||   131
 Fire: Hunting sling     |     6 |     5 |     3 |       ||    14
Throw: Javelin           |       |     2 |       |       ||     2
Invok: Curse Item        |       |       |     2 |     1 ||     3
Evoke: Wand              |       |       |       |     9 ||     9
  Use: Scroll            |     7 |    11 |     5 |       ||    23
       Potion            |       |     1 |     5 |     7 ||    13
Armor: Scale mail        |    15 |       |       |       ||    15
       Plate armour      |    22 |   159 |   316 |   144 ||   641
       Skin              |       |       |       |    15 ||    15
Dodge: Dodged            |    24 |    57 |   106 |    69 ||   256
Block: Buckler           |    26 |    89 |   168 |    92 ||   375

Table legend: (Time is in decaauts)
 A = Elapsed time spent in this place.
 B = Non-inter-level travel time spent in this place.
 C = Inter-level travel time spent in this place.
 D = Time resting spent in this place.
 E = Time spent auto-exploring this place.
 F = Levels seen in this place.
 G = Mean time per level.
                   A        B        C        D        E       F      G
               +--------+--------+--------+--------+--------+-----+--------+
         Total |  11231 |  11007 |    224 |    961 |   7833 |  10 | 1123.1 |
       Dungeon |  10953 |  10737 |    216 |    961 |   7620 |   9 | 1217.0 |
        Temple |    277 |    269 |      8 |      0 |    213 |   1 |  277.0 |
               +--------+--------+--------+--------+--------+-----+--------+

Top non-repeatable levels by time:
     D:4: 1811 daAuts
     D:5: 1689 daAuts
     D:7: 1572 daAuts
     D:8: 1233 daAuts
     D:9: 1211 daAuts
     D:1: 1054 daAuts
     D:6: 966 daAuts
     D:2: 822 daAuts
     D:3: 591 daAuts
  Temple: 277 daAuts
